 Dungeon Crawl Stone Soup version 0.30-a0-778-g2ef04afb54 (webtiles) character file.

Game seed: 11132926476566366216

324 mistaj the Chopper (level 6, 0/33 HPs)
             Began as a Vine Stalker Fighter on Feb 15, 2023.
             Splashed by a jelly's acid (2 damage)
             ... on level 4 of the Dungeon.
             The game lasted 00:03:37 (2313 turns).

mistaj the Chopper (Vine Stalker Fighter)           Turns: 2313, Time: 00:03:37

Health: 0/33       AC:  0    Str: 21    XL:     6   Next: 48%
Magic:  0/7        EV:  9    Int:  8    God:
Gold:   123        SH:  5    Dex: 13    Spells: 5/5 levels left

rFire   + . .      SeeInvis .    k - +0 war axe (vamp)
rCold   . . .      Faith    .    c - +0 buckler
rNeg    . . .      Spirit   +    b - +0 scale mail
rPois   +          Reflect  .    (no helmet)
rElec   .          Harm     .    (no cloak)
rCorr   .          Rampage  .    m - +0 pair of gloves
Will    .....                    (no boots) Stlth
                                 (no amulet)
HPRegen 1.05/turn                n - ring of protection from fire
MPRegen 0.10/turn                v - ring of poison resistance

@: corroded
A: fangs 2, regeneration 1, magic shield, antimagic bite, no potion heal 2
a: no special abilities


You were on level 4 of the Dungeon.
You visited 1 branch of the dungeon, and saw 4 of its levels.

You collected 123 gold pieces.

Inventory:

Hand Weapons
 k - a +0 vampiric war axe (weapon)
Armour
 b - a +0 scale mail (worn)
 c - a +0 buckler (worn)
 m - a +0 pair of gloves (worn)
Jewellery
 n - a ring of protection from fire (left hand)
 v - a ring of poison resistance (right hand)
Scrolls
 e - a scroll of identify
 g - 4 scrolls of teleportation
 h - a scroll of vulnerability {unknown}
 i - 3 scrolls of immolation {unknown}
 j - a scroll of noise {unknown}
 p - 2 scrolls of amnesia {unknown}
 r - a scroll of enchant armour {unknown}
 t - a scroll of blinking {unknown}
 u - a scroll of butterflies {unknown}
 w - a scroll of magic mapping {unknown}
Potions
 a - a potion of invisibility {unknown}
 d - 3 potions of might
 f - a potion of lignification {unknown}
 l - a potion of flight {unknown}
 o - 3 potions of curing
 q - 2 potions of mutation
 s - a potion of heal wounds {unknown}


   Skills:
 + Level 4.0 Fighting
 * Level 4.3 Axes
 - Level 2.4 Armour
 + Level 4.0 Shields


You had 5 spell levels left.
You didn't know any spells.
Your spell library contained the following spells:

 Spells                   Type           Power      Damage    Failure   Level
 Freeze                   Ice            0%         1d3       83%         1
 Frozen Ramparts          Ice            0%         1d1       99%         3
 Hailstorm                Conj/Ice       0%         3d3       99%         3


Dungeon Overview and Level Annotations

Branches:
Dungeon (4/15)
 Temple: D:4-7

Altars:
Trog
Vehumet


Innate Abilities, Weirdness & Mutations

You have extremely sharp teeth.
Your natural rate of healing is unusually fast.
When hurt, damage is shared between your health and your magic reserves.
Your bite disrupts and absorbs the magic of your enemies.
Potions cannot restore your health.


Message History

HP restored.
You start waiting.
You are no longer corroded.
You start waiting.
A jelly comes into view.
You see here a scroll labelled ISEPPO WOHEHU.
w - a scroll labelled ISEPPO WOHEHU You hit the jelly.
The acid corrodes you!
Your hands burn!
The jelly is lightly wounded.
You block the jelly's attack.
You hit the jelly.
Your hands burn!
The jelly is lightly wounded.
The jelly barely misses you.
You hit the jelly but do no damage. The acid corrodes you!
Your hands burn!
You bite the jelly, but do no damage.
The jelly is lightly wounded.
You block the jelly's attack. The jelly barely misses you.
You hit the jelly but do no damage. The acid corrodes you!
Your hands burn!
The jelly is lightly wounded.
The jelly hits you.
You are splashed with acid!
You hit the jelly.
You feel better. The acid corrodes you!
Your hands burn!
The jelly is lightly wounded.
The jelly barely misses you.
You hit the jelly.
Your hands burn!
You bite the jelly, but do no damage.
The jelly is moderately wounded.
The jelly hits you.
You are splashed with acid!
The jelly hits you.
* * * LOW HITPOINT WARNING * * *
You are splashed with acid!
* * * LOW HITPOINT WARNING * * *
You are too injured to fight recklessly!
You slash the jelly!
You feel better.
Your hands burn!
* * * LOW HITPOINT WARNING * * *
The jelly is heavily wounded.
The jelly hits you.
* * * LOW HITPOINT WARNING * * *
You are splashed with acid.
* * * LOW HITPOINT WARNING * * *
You are too injured to fight recklessly!
You hit the jelly.
You feel better.
Your hands burn!
You die...

###.### #####...##
+...'.#...#
#####...#####..# #
+.#.......#.+ ..
#.#.#####.#.#...#+#.###.
#.....#.....#...#.....#.
#.....J.....##'##.....+.
.. #@....#...#.....##
#.#####.#.#...#'#.####
#.......#.......#.'...
###...#####...#####...
#.....).#.....+.#.....
#+#...#.#.#####.#+#...
#...#.....#.....#.(.
##.##...........##+# ..
#.....#.....#.).


You could see a jelly.

Vanquished Creatures
  A necrophage (D:4)
  2 jellies (D:4)
  A hound (D:3)
  3 gnolls (D:4)
  7 adders
  A worm (D:2)
  3 dart slugs
  4 endoplasms
  A giant cockroach (D:1)
  6 goblins
  8 hobgoblins
  2 kobolds
  3 quokkas
  A ball python (D:2)
  5 bats
  4 frilled lizards
  2 rats
54 creatures vanquished.

Notes
Turn   | Place    | Note
-------+----------+-------------------------------------------
     0 | D:1      | mistaj the Vine Stalker Fighter began the quest for the
                  | Orb.
     0 | D:1      | Reached XP level 1. HP: 11/11 MP: 2/2
    99 | D:1      | Reached XP level 2. HP: 14/16 MP: 1/3
   830 | D:2      | Reached XP level 3. HP: 20/20 MP: 4/4
   842 | D:2      | You fall into a shaft and drop 1 floor!
   846 | D:3      | Found a bloodstained altar of Trog.
   846 | D:3      | Found a radiant altar of Vehumet.
  1028 | D:2      | Gained mutation: Your natural rate of healing is unusually
                  | fast. [Vine Stalker growth]
  1028 | D:2      | Reached XP level 4. HP: 21/24 MP: 2/5
  1057 | D:2      | Found a faded altar of an unknown god.
  1577 | D:3      | Identified the +5 morningstar "Killer Bee's Doom" {heavy,
                  | rF- rN+ Str+3}
  1694 | D:3      | Reached XP level 5. HP: 28/28 MP: 6/6
  2071 | D:4      | Identified the +0 robe "Eptaos Neic" {rElec Str+2 Int-3}
  2199 | D:4      | Reached XP level 6. HP: 28/33 MP: 3/7
  2312 | D:4      | HP: 1/33 [acid (6)]
  2313 | D:4      | Splashed by a jelly's acid

Illustrated notes

Levels and vault maps discovered:
D:1:      wander_arrival_desolate, layout_basic, minmay_tetromino_l2
D:2:      layout_rooms, hellmonk_ecumenical_altar_pennies_from_heaven,
          minmay_randomly_rotated_circles
D:3:      layout_loops_cross, chequers_temple_overflow_statue_of_worship
D:4:      nicolae_cairo_tiling_large, layout_gridville

Skill      XL: |  1  2  3  4  5  6 |
---------------+-------------------+-----
Axes           | 2 3 4 |  4.3
Fighting       | 3 4 |  4.0
Shields        | 3 4 |  4.0
Armour         | |  2.4

Action                     |  1- 3 |  4- 6 || total
---------------------------+-------+-------++-------
  Melee: War axe           |    68 |   106 ||   174
         Bite              |    11 |    20 ||    31
    Use: Scroll            |       |     5 ||     5
 Armour: Scale mail        |    29 |    41 ||    70
  Dodge: Dodged            |    34 |    66 ||   100
  Block: Buckler           |    17 |    34 ||    51

Table legend: (Time is in decaauts)
 A = Elapsed time spent in this place.
 B = Non-inter-level travel time spent in this place.
 C = Inter-level travel time spent in this place.
 D = Time resting spent in this place.
 E = Time spent auto-exploring this place.
 F = Levels seen in this place.
 G = Mean time per level.
                   A        B        C        D        E       F      G
               +--------+--------+--------+--------+--------+-----+--------+
         Total |   2380 |   2293 |     87 |    134 |   1570 |   4 |  595.0 |
       Dungeon |   2380 |   2293 |     87 |    134 |   1570 |   4 |  595.0 |
               +--------+--------+--------+--------+--------+-----+--------+

Top non-repeatable levels by time:
     D:1: 816 daAuts
     D:2: 686 daAuts
     D:3: 610 daAuts
     D:4: 267 daAuts
